Unix NetHack Version 5.0.0-0 post-release - last build May 22 2026 02:22:16 (99d1c3b6dc4b13757aaa5824b55bdea4e1e63757,branch:main).

Game began 2026-05-23 03:12:21, ended 2026-05-23 03:40:56.

Brudee, neutral female human Tourist

             --m|
             -h@|
             .---

Brudee the Excursionist     St:9 Dx:14 Co:16 In:7 Wi:7 Ch:18  Neutral S:3724
Dlvl:10 $:260 HP:0(57) Pw:25(25) AC:3  Xp:7/811 T:2201  Burdened

Latest messages:
 In what direction? h
 You feel like a hypocrite.
 The engraving beneath you fades.
 You pull free from the large mimic.
 Something is written here in the dust.
 You read: "| ??c n".
 What do you want to zap? [svL or ?*] L
 In what direction? u
 You already found a monster.  Use 'm' prefix to force another search.
 You are carrying too much to get through.
 You start digging.
 This wall is too hard to dig into.
 You already found a monster.
 You hit the large mimic.
 You miss the large mimic.
 The large mimic hits!
 You hit the large mimic.
 You hit the large mimic.
 The mind flayer hits!
 The mind flayer's tentacles suck your brain!
 Your helm blocks the attack to your head.
 The mind flayer's tentacles suck your brain again!
 Your helm blocks the attack to your head.
 The mind flayer's tentacles suck your brain again!
 Your helm blocks the attack to your head.
 What do you want to zap? [svL or ?*] L
 In what direction? h
 What do you want to zap? [svL or ?*] L
 In what direction? .
 The mind flayer hits!
 The mind flayer's tentacles suck your brain!
 Your brain is eaten!
 You feel stupid!
 The mind flayer's tentacles suck your brain again!
 Your helm blocks the attack to your head.
 The mind flayer's tentacles suck your brain again!
 Your brain is eaten!
 You feel very stupid!
 The large mimic hits!
 The mind flayer hits!
 The mind flayer's tentacles suck your brain!
 Your brain is eaten!
 You feel stupid!
 The mind flayer's tentacles suck your brain again!
 Your helm blocks the attack to your head.
 The mind flayer's tentacles suck your brain again!
 Your helm blocks the attack to your head.
 You die...
 Do you want your possessions identified? [ynq] (y) y
 Do you want to see your attributes? [ynq] (y) q

Inventory:
 Coins    ('$')
  $ - 260 gold pieces
 Weapons  (')')
  b - a +0 crossbow
  l - 5 +0 darts (at the ready)
  j - 2 +0 daggers
 Armor    ('[')
  A - an uncursed +0 helm of brilliance (being worn)
  B - an uncursed +0 pair of leather gloves (being worn)
  C - an uncursed +0 pair of speed boots (being worn)
  D - an uncursed +0 cloak of displacement (being worn)
  n - an uncursed +0 Hawaiian shirt with a hibiscus flower motif (being worn)
  E - an uncursed +0 studded leather armor (being worn)
 Comestibles  ('%')
  d - 4 uncursed slime molds
  h - an uncursed carrot
  f - 3 uncursed food rations
  g - an uncursed fortune cookie
  e - an uncursed orange
  i - an uncursed pancake
  H - an uncursed tripe ration
  y - an uncursed lichen corpse
 Scrolls  ('?')
  c - an uncursed scroll of blank paper
  M - an uncursed scroll of blank paper
 Spellbooks  ('+')
  P - an uncursed spellbook of blank paper
 Potions  ('!')
  k - an uncursed potion of water
  r - an uncursed potion of water
  w - an uncursed potion of water
  I - an uncursed potion of water
  K - 2 uncursed potions of water
  R - an uncursed potion of water
 Rings    ('=')
  T - an uncursed ring of aggravate monster (on left hand)
  x - an uncursed ring of stealth (on right hand)
 Wands    ('/')
  L - a wand of cancellation (0:0)
  s - a wand of light (0:-1)
  v - a wand of lightning (0:-1)
 Tools    ('(')
  p - an uncursed credit card
  o - an expensive camera (0:69)
  V - a +0 pick-axe (weapon in left hand)
  U - an uncursed skeleton key
  S - an uncursed stethoscope
 Gems/Stones  ('*')
  Q - an uncursed amethyst stone
  q - 2 uncursed worthless pieces of yellow glass

Brudee the Tourist's attributes:

Background:
 You were an Excursionist, a level 7 female human Tourist.
 You were neutral, nominally on a mission for The Lady
 who was opposed by Blind Io (lawful) and Offler (chaotic).
 You were left-handed.
 You were in the Gnomish Mines, on level 10.
 You entered the dungeon 2201 turns ago.
 It was nighttime.
 You had 811 experience points, 469 more were needed to attain level 8.
 Your score was 3724 before end-of-game adjustments.

Basics:
 You had 0 out of 57 hit points.
 You had all 25 energy points (spell power).
 Your armor class was 3.
 Your wallet contained 260 zorkmids.
 Autopickup was on for '$!=+?/"' plus thrown.

Final Characteristics:
 Your strength was 9 (peak:12, limit:18/100).
 Your dexterity was 14 (limit:18).
 Your constitution was 16 (limit:18).
 Your intelligence was 7 (peak:11, limit:18).
 Your wisdom was 7 (limit:18).
 Your charisma was 18 (limit:18).

Final Status:
 You weren't hungry.
 You were burdened; movement was slightly slowed.
 You were wielding a pick-axe.
 You had basic skill with pick-axe.

Final Attributes:
 You were devoutly aligned.
 You were poison resistant.
 You were displaced.
 You were stealthy.
 You aggravated monsters.
 You were warded.
 You were very fast.
 You are dead.

Miscellaneous:
 You didn't encounter any bones levels.
 Total elapsed playing time was 28 minutes and 34 seconds.

Major events:
 Turn
    1: Brudee the neutral female human Tourist entered the dungeon
  794: entered the Gnomish Mines
 1070: attained the rank of Sightseer (level 3)
 1521: reached Mine Town
 1694: attained the rank of Excursionist (level 6)
 2201: killed by a mind flayer

You didn't know any spells.

Skills:
 Fighting Skills
   bare handed combat [Unskilled]
   two weapon combat  [Unskilled]
   riding             [Unskilled]
 Weapon Skills
   dagger             [Unskilled]
   knife              [Unskilled]
   axe                [Unskilled]
   pick-axe           [Basic]
   short sword        [Unskilled]
   broadsword         [Unskilled]
   long sword         [Unskilled]
   two-handed sword   [Unskilled]
   saber              [Unskilled]
   mace               [Unskilled]
   morning star       [Unskilled]
   flail              [Unskilled]
   hammer             [Unskilled]
   quarterstaff       [Unskilled]
   polearms           [Unskilled]
   spear              [Unskilled]
   trident            [Unskilled]
   lance              [Unskilled]
   bow                [Unskilled]
   sling              [Unskilled]
   crossbow           [Unskilled]
   dart               [Skilled]
   shuriken           [Unskilled]
   boomerang          [Unskilled]
   whip               [Unskilled]
   unicorn horn       [Unskilled]
 Spellcasting Skills
   divination spells  [Unskilled]
   enchantment spells [Unskilled]
   escape spells      [Unskilled]

Voluntary challenges:
 Character rerolling was not enabled.
 You were an atheist.
 You never genocided any monsters.
 You never polymorphed an object.
 You never changed form.
 You used no wishes.
Achievements:
 You entered a shop.
 You entered the Gnomish Mines.
 You attained the rank of Sightseer.
 You entered Minetown.
 You attained the rank of Excursionist.

 The Dungeons of Doom: levels 1 to 5
    Level 1:
    Level 2:
       An armor shop, a fountain.
       Stairs down to The Gnomish Mines.
    Level 3:
       An armor shop, a fountain.
    Level 4:
    Level 5:
       Many fountains.
 The Gnomish Mines: levels 3 to 10
    Level 3:
    Level 5:
    Level 6:
    Level 7:
    Level 8:
    Level 9:
    Level 10: <- You were here.
       Final resting place for
          you, killed by a mind flayer.


Vanquished creatures:
  a wraith
  a giant spider
 an Uruk-hai
 an orc shaman
  3 gnome leaders
  3 gnomish wizards
  a gray ooze
 an elf zombie
  a ghoul
  a little dog
  5 dwarves
  a kobold shaman
  a giant bat
  a dwarf zombie
  a gas spore
  a hobgoblin
  a giant rat
  2 brown molds
 23 gnomes
  a gnome zombie
  5 geckos
  a jackal
  a fox
  a goblin
  5 grid bugs
  2 lichens
  4 newts
70 creatures vanquished.

No species were genocided or became extinct.

Game over:
                       ----------
                      /          \
                     /    REST    \
                    /      IN      \
                   /     PEACE      \
                  /                  \
                  |      Brudee      |
                  |      260 Au      |
                  | killed by a mind |
                  |      flayer      |
                  |                  |
                  |                  |
                  |       2026       |
                 *|     *  *  *      | *
        _________)/\\_//(\/(/\)/\//\/|_)_______

Aloha Brudee the Tourist...

You died in The Gnomish Mines on dungeon level 10 with 3724 points,
and 260 pieces of gold, after 2201 moves.
You were level 7 with a maximum of 57 hit points when you died.

